[Event "ICC Open 2015"]
[Site "Internet Chess Club"]
[Date "2015.05.29"]
[Round "4"]
[White "Ohanessian"]
[Black "Perseus"]
[Result "1-0"]
[ICCResult "Black forfeits on time"]
[WhiteElo "2039"]
[BlackElo "2411"]
[Opening "KGA: bishop's gambit, Morphy variation"]
[ECO "C33"]
[NIC "KG.03"]
[Time "14:36:14"]
[TimeControl "180+0"]

1. e4 e5 2. f4 exf4 3. Bc4 d5 4. Bxd5 Nf6 5. Nc3 Nxd5 6. Nxd5 Bd6 7. Nf3 c6
8. Nc3 Bg4 9. O-O h6 10. d4 g5 11. e5 Be7 12. Ne4 Na6 13. c4 O-O 14. b3 Nc7
15. Bb2 Qc8 16. Nf2 Be6 17. Nd2 Rd8 18. Qh5 Bf8 19. Nde4 Ne8 20. h4 Bf5 21.
hxg5 Qe6 22. Nf6+ Nxf6 23. gxf6 Bg6 24. Qh4 f3 25. gxf3 b5 26. Ng4 Kh7 27.
Nxh6 bxc4 28. bxc4 Qxc4 29. Nxf7+ Kg8 30. Nxd8 Rxd8 31. Qg4 Kf7 32. Rae1 Qe6
33. Qxe6+ Kxe6 34. Kf2 c5 35. Rd1 cxd4 36. Bxd4 Rxd4 37. Rxd4 Bc5 38. Ke3
Kxe5 39. f4+ Ke6 40. f5+ Bxf5 41. Rxf5 Kxf5 42. f7 Ke5 43. f8=Q Bxf8 44. Rd7
Bc5+ 45. Kd3 Ke6 46. Rh7 {Black forfeits on time} 1-0

[Event "ICC Open 2015"]
[Site "Internet Chess Club"]
[Date "2015.05.29"]
[Round "4"]
[White "Bagelhead"]
[Black "PADILLON2189"]
[Result "1-0"]
[ICCResult "Black forfeits on time"]
[WhiteElo "2337"]
[BlackElo "1990"]
[Opening "Sicilian: dragon, Yugoslav attack"]
[ECO "B75"]
[NIC "SI.17"]
[Time "14:36:30"]
[TimeControl "180+0"]

1. e4 c5 2. Nf3 d6 3. d4 cxd4 4. Nxd4 Nf6 5. Nc3 g6 6. Be3 Bg7 7. f3 Kf8 8.
Qd2 h6 9. O-O-O Kg8 10. g4 Kh7 11. h4 Nc6 12. h5 g5 13. Nf5 Bxf5 14. gxf5
Ne5 15. Be2 Qa5 16. Kb1 Rac8 17. f4 gxf4 18. Bxf4 Rxc3 19. Qxc3 Qxc3 20.
bxc3 Nxe4 21. Bxe5 Bxe5 22. Rde1 Nxc3+ 23. Kc1 Nxa2+ 24. Kd1 Nc3+ 25. Kd2
Kg7 26. Rhg1+ Kf6 27. Bd3 Nd5 28. Rb1 b6 29. c4 Nf4 30. Rb3 Nxh5 31. Ra3 a5
32. Rb3 Bd4 33. Rg4 Bc5 34. Be4 Ng7 35. Rbg3 Nxf5 36. Rf3 e6 37. Bxf5 exf5
38. Rgf4 Rh7 39. Rxf5+ Ke7 40. Rf1 h5 41. Rh1 h4 42. Rh3 Ke6 43. Rf4 d5 44.
Kd3 dxc4+ 45. Kxc4 f5 46. Rf1 Ke5 47. Re1+ Kf6 48. Re8 f4 49. Kd5 Be3 50.
Ke4 Kg5 51. Rg8+ Kh5 52. Kf3 Rh6 53. Rg4 Bf2 54. Rxf4 Bg3 55. Rf5+ Kg6 56.
Rb5 Kf7 57. Rh1 Rf6+ 58. Kg4 Ke7 59. Rd1 {Black forfeits on time} 1-0

[Event "ICC Open 2015"]
[Site "Internet Chess Club"]
[Date "2015.05.29"]
[Round "4"]
[White "vicmel"]
[Black "Parsifal"]
[Result "0-1"]
[ICCResult "White forfeits on time"]
[WhiteElo "1992"]
[BlackElo "2403"]
[Opening "French: Winawer, advance, poisoned pawn, Konstantinopolsky variation"]
[ECO "C18"]
[NIC "FR.11"]
[Time "14:36:20"]
[TimeControl "180+0"]

1. e4 e6 2. d4 d5 3. Nc3 Bb4 4. e5 c5 5. a3 Bxc3+ 6. bxc3 Qc7 7. Qg4 Ne7 8.
Qxg7 Rg8 9. Qxh7 cxd4 10. Ne2 Nbc6 11. f4 dxc3 12. Qd3 Bd7 13. Qxc3 Rc8 14.
Be3 Nf5 15. Bf2 d4 16. Qd2 Qb6 17. Ng3 Ne3 18. Ne4 Nxe5 19. Nf6+ Kd8 20.
Bxe3 dxe3 21. Qb4 e2 22. Qxb6+ axb6 23. Bxe2 Rxg2 24. fxe5 Rxc2 25. Bd3 Rc5
26. Nxd7 Kxd7 27. Rd1 Rxe5+ 28. Be4+ Ke7 29. Kf1 Ra2 30. Bxb7 Rf5+ 31. Kg1
Rg5+ 32. Kf1 Rf5+ 33. Kg1 Rxa3 34. h4 Ra4 35. Rh2 Rg4+ 36. Bg2 Rh5 37. Rd3
Rhxh4 38. Rxh4 Rxh4 39. Rh3 Rb4 40. Kf2 Kf6 41. Rf3+ Ke7 42. Bf1 f5 43. Bd3
Kf6 44. Ke3 b5 45. Rf2 Rb3 46. Kd4 b4 47. Kc4 Rc3+ 48. Kd4 Rc8 49. Rb2 Rb8
50. Kc4 Ke5 51. Rxb4 Rxb4+ 52. Kxb4 Kd4 53. Be2 f4 54. Kb3 e5 55. Kc2 Ke3
{White forfeits on time}
0-1

[Event "ICC Open 2015"]
[Site "Internet Chess Club"]
[Date "2015.05.29"]
[Round "4"]
[White "TheGreatFair"]
[Black "manitodeplomo"]
[Result "1-0"]
[ICCResult "Black checkmated"]
[WhiteElo "2095"]
[BlackElo "2590"]
[Opening "Robatsch (modern) defense"]
[ECO "B06"]
[NIC "KF.05"]
[Time "14:36:57"]
[TimeControl "180+0"]

1. e4 g6 2. d4 Bg7 3. c4 c5 4. d5 d6 5. Ne2 Nf6 6. Nec3 O-O 7. f3 a6 8. a4
e6 9. Be3 exd5 10. cxd5 Nbd7 11. Nd2 Rb8 12. Be2 Nh5 13. g4 Nhf6 14. O-O h5
15. h3 Nh7 16. Kg2 h4 17. Nc4 Ne5 18. Nxe5 Bxe5 19. f4 Bg7 20. g5 f6 21.
gxf6 Nxf6 22. Bf3 b5 23. axb5 axb5 24. e5 Nh7 25. e6 b4 26. Na4 g5 27. Be4
gxf4 28. Bxh7+ Kxh7 29. Qh5+ Bh6 30. Bxf4 Rg8+ 31. Kh1 Qf6 32. Bxh6 Qxh6 33.
Rf7+ Rg7 34. Rxg7+ Kxg7 35. Rg1+ Kh7 36. Qf7+ Kh8 37. Rg8# {Black
checkmated} 1-0

[Event "ICC Open 2015"]
[Site "Internet Chess Club"]
[Date "2015.05.29"]
[Round "4"]
[White "SPARNALIQ"]
[Black "motipen"]
[Result "1-0"]
[ICCResult "Black forfeits on time"]
[WhiteElo "2793"]
[BlackElo "1919"]
[Opening "Pirc: classical (two knights) system"]
[ECO "B08"]
[NIC "PU.10"]
[Time "14:37:01"]
[TimeControl "180+0"]

1. e4 d6 2. Nf3 Nf6 3. Nc3 g6 4. d4 Bg7 5. Bg5 c6 6. Qd2 Bg4 7. O-O-O Bxf3
8. gxf3 Nbd7 9. h4 b5 10. d5 b4 11. dxc6 bxc3 12. cxd7+ Nxd7 13. Qxc3 Bxc3
14. bxc3 Qa5 15. Rd3 Qxa2 16. Kd2 Rc8 17. Bh3 Rc5 18. Be3 Rb5 19. f4 Rb2 20.
Rc1 Nb6 21. Bd4 e5 22. fxe5 dxe5 23. Bc5 Nc4+ 24. Kd1 Rb1 25. Bd7+ Kd8 26.
Be6+ Kc7 27. Bd6+ Kb7 28. Bd5+ Ka6 29. Bxc4+ Qxc4 30. Rxb1 Qxe4 31. Rb4 Qh1+
32. Ke2 Rd8 33. c4 Qc1 34. Rd2 Qxd2+ 35. Kxd2 Rxd6+ 36. Kc3 f5 37. Rb8 e4
38. c5 Rc6 39. Kc4 f4 40. Kd5 Rf6 41. c6 e3 42. c7 Rb6 43. c8=Q+ Kb5 44.
Qc4+ Ka5 45. Rxb6 axb6 46. Kc6 {Black forfeits on time} 1-0

[Event "ICC Open 2015"]
[Site "Internet Chess Club"]
[Date "2015.05.29"]
[Round "4"]
[White "Kiborg95"]
[Black "EREBUNI"]
[Result "0-1"]
[ICCResult "White resigns"]
[WhiteElo "2699"]
[BlackElo "3041"]
[Opening "Sicilian: Kan, 5.Nc3"]
[ECO "B43"]
[NIC "SI.44"]
[Time "14:37:48"]
[TimeControl "180+0"]

1. e4 c5 2. Nc3 e6 3. Nf3 a6 4. d4 cxd4 5. Nxd4 b5 6. Bd3 Qb6 7. Nb3 Qc7 8.
O-O Bb7 9. Be3 Nf6 10. f4 d6 11. e5 Nd5 12. Nxd5 Bxd5 13. exd6 Bxd6 14. Qe2
Nc6 15. a4 bxa4 16. Rxa4 Nb4 17. Bxa6 O-O 18. Bb5 Rxa4 19. Bxa4 Bc4 20. Qd2
Bxf1 21. Kxf1 Ra8 22. Bb5 Nxc2 23. Be2 Nxe3+ 24. Qxe3 Bxf4 25. Qe4 Rb8 26.
Nd4 Rxb2 27. Bd3 g6 28. Nxe6 Qc1+ {White resigns} 0-1

[Event "ICC Open 2015"]
[Site "Internet Chess Club"]
[Date "2015.05.29"]
[Round "4"]
[White "garompon"]
[Black "chesstempo2"]
[Result "1-0"]
[ICCResult "Black checkmated"]
[WhiteElo "2569"]
[BlackElo "2028"]
[Opening "French: King's Indian attack"]
[ECO "C00"]
[NIC "FR.02"]
[Time "14:36:12"]
[TimeControl "180+0"]

1. e4 e6 2. d3 d5 3. Qe2 Be7 4. Nf3 Nf6 5. g3 c5 6. Bg2 b5 7. e5 Nfd7 8. O-O
Bb7 9. Re1 a6 10. h4 h6 11. h5 Qc7 12. Bf4 Nc6 13. c3 Nb6 14. Nbd2 c4 15. d4
Na4 16. Rab1 b4 17. Rec1 bxc3 18. bxc3 Ba3 19. Rc2 Ne7 20. g4 Bc6 21. Nf1
Kd7 22. Ne3 Rhb8 23. Rd1 Bb2 24. Qd2 Qa5 25. g5 Bxc3 26. Qe2 hxg5 27. Nxg5
Ke8 28. Qf3 Rb2 29. Bg3 Rxc2 30. Qxf7+ Kd7 31. Qxe6+ Kc7 32. Qxe7+ Kb6 33.
Nxc2 Nb2 34. Rb1 Qxa2 35. Qc5+ Kb7 36. Rxb2+ Qxb2 37. Bxd5 Qb1+ 38. Kg2
Bxd5+ 39. Qxd5+ Ka7 40. Ne3 Qb2 41. Qc5+ Qb6 42. Qxb6+ Kxb6 43. Nxc4+ Kb5
44. Nd6+ Kb4 45. d5 a5 46. Nge4 a4 47. Nxc3 Kxc3 48. e6 a3 49. e7 a2 50.
Be5+ Kb4 51. e8=Q Rxe8 52. Nxe8 Kc5 53. Bxg7 Kxd5 54. h6 Ke6 55. h7 Kf7 56.
h8=Q Ke6 57. Ba1 Kd7 58. Qb2 Kxe8 59. Qxa2 Kd7 60. Qc4 Kd6 61. Qb5 Ke7 62.
Qc5+ Ke6 63. Qe5+ Kd7 64. Qf6 Kc7 65. Qe6 Kb7 66. Qd6 Ka7 67. Qc6 Kb8 68.
Qd7 Ka8 69. Bd4 Kb8 70. Bc5 Ka8 71. Qa7# {Black checkmated} 1-0

[Event "ICC Open 2015"]
[Site "Internet Chess Club"]
[Date "2015.05.29"]
[Round "4"]
[White "geographywhiz"]
[Black "LittleDonkey"]
[Result "0-1"]
[ICCResult "White forfeits on time"]
[WhiteElo "1961"]
[BlackElo "2374"]
[Opening "Queen's Indian: old main line, 7.Nc3"]
[ECO "E18"]
[NIC "QI.09"]
[Time "14:37:10"]
[TimeControl "180+0"]

1. d4 Nf6 2. Nf3 e6 3. c4 b6 4. g3 Bb7 5. Bg2 Be7 6. O-O O-O 7. Nc3 d6 8.
Bg5 h6 9. Bxf6 Bxf6 10. Qd3 Nd7 11. e4 Be7 12. Rfe1 Qc8 13. Rac1 c5 14. d5
exd5 15. exd5 Bf6 16. Rc2 a6 17. Ne4 Be5 18. Nxe5 Nxe5 19. Qe3 Qf5 20. Nxd6
Qxc2 21. Qxe5 Bc8 22. Nxc8 Raxc8 23. d6 Rcd8 24. Bd5 Qd2 25. Re2 Qg5 26. Qe7
Qf6 27. Qxf6 gxf6 28. Re7 Rxd6 29. Ra7 b5 30. cxb5 axb5 31. Rb7 Rxd5 32.
Rxb5 Re8 33. b4 Rd1+ 34. Kg2 cxb4 35. Rxb4 Ra1 36. a4 Ra8 37. Rf4 R1xa4 38.
Rxf6 Kg7 39. Rf3 Ra3 40. h4 Rxf3 41. Kxf3 Ra4 42. Kg2 Kg6 43. g4 h5 44. Kh3
hxg4+ 45. Kg3 f5 46. f3 gxf3 47. Kxf3 Kh5 48. Kg3 Ra3+ 49. Kf4 Ra5 50. Kg3
Ra4 51. Kf3 Rg4 52. Kf2 Kxh4 53. Kf3 Kh3 54. Kf2 Rg6 {White forfeits on
time} 0-1

[Event "ICC Open 2015"]
[Site "Internet Chess Club"]
[Date "2015.05.29"]
[Round "4"]
[White "HappyEnding"]
[Black "Nemesis23"]
[Result "1-0"]
[ICCResult "Black resigns"]
[WhiteElo "2265"]
[BlackElo "1726"]
[Opening "Sicilian: accelerated fianchetto, modern variation"]
[ECO "B34"]
[NIC "SI.44"]
[Time "14:37:53"]
[TimeControl "180+0"]

1. e4 c5 2. Nc3 Nc6 3. Nge2 g6 4. d4 cxd4 5. Nxd4 Bg7 6. Nde2 d6 7. g3 Nf6
8. Bg2 Bg4 9. h3 Bxe2 10. Nxe2 O-O 11. O-O Rc8 12. c3 a6 13. Be3 b5 14. a4
b4 15. c4 a5 16. Rc1 Nd7 17. b3 Nc5 18. f4 Qc7 19. e5 Rfd8 20. exd6 Rxd6 21.
Qc2 Nd3 22. Rcd1 Rcd8 23. c5 R6d7 24. Be4 Nd4 25. Nxd4 Bxd4 26. Bxd4 Rxd4
27. Rxd3 Rxd3 28. Bxd3 Qd7 29. Be4 Qd4+ 30. Kg2 Qe3 31. Rf2 Rd4 32. Bf3 Rd3
33. Qe2 Qd4 34. Qxe7 Rxb3 35. Qe8+ Kg7 36. Qe5+ Qxe5 37. fxe5 {Black
resigns} 1-0

[Event "ICC Open 2015"]
[Site "Internet Chess Club"]
[Date "2015.05.29"]
[Round "4"]
[White "RaiseTheCurve"]
[Black "legatus"]
[Result "0-1"]
[ICCResult "White resigns"]
[WhiteElo "1976"]
[BlackElo "2392"]
[Opening "Van't Kruijs opening"]
[ECO "A00"]
[Time "14:37:44"]
[TimeControl "180+0"]

1. e3 e5 2. b3 d5 3. Bb2 Nc6 4. Bb5 Bd6 5. f4 Qe7 6. Nf3 Bg4 7. fxe5 Bxf3 8.
Qxf3 Bxe5 9. Nc3 Nf6 10. O-O-O Rd8 11. Kb1 O-O 12. g4 Ne4 13. h4 Nxc3+ 14.
Bxc3 Bxc3 15. dxc3 a6 16. Bd3 Ne5 17. Qe2 Nxd3 18. cxd3 Rfe8 19. Rde1 Qe5
20. Kc2 c5 21. Qf3 b5 22. Rhf1 b4 23. Qxf7+ Kh8 24. d4 Qe4+ 25. Kd2 bxc3+
26. Kxc3 cxd4+ 27. exd4 Rc8+ 28. Kb2 Qxd4+ 29. Kb1 Qd3+ 30. Kb2 Qc3+ 31. Ka3
Qc5+ 32. Kb2 Rxe1 {White resigns} 0-1

[Event "ICC Open 2015"]
[Site "Internet Chess Club"]
[Date "2015.05.29"]
[Round "4"]
[White "SCORPION83"]
[Black "Sjelan"]
[Result "1-0"]
[ICCResult "Black forfeits on time"]
[WhiteElo "3203"]
[BlackElo "2223"]
[Opening "Queen's pawn"]
[ECO "A40"]
[NIC "QO.17"]
[Time "14:36:16"]
[TimeControl "180+0"]

1. d4 c6 2. c4 Nf6 3. Nc3 d5 4. cxd5 cxd5 5. Bf4 e6 6. e3 Nc6 7. Nf3 Bd6 8.
Bg3 a6 9. Bd3 O-O 10. Ne5 h6 11. f4 Ne7 12. O-O Nf5 13. Bf2 Bb4 14. Rc1 Nd6
15. Bh4 Bxc3 16. Rxc3 Nf5 17. Bxf5 exf5 18. Qb3 Be6 19. Rfc1 Rc8 20. Rxc8
Bxc8 21. Bxf6 Qxf6 22. Qxd5 Be6 23. Qxb7 Bxa2 24. b3 Qd6 25. h3 Qa3 26. Rc3
Qb2 27. Rc8 Qxb3 28. Rxf8+ Kxf8 29. Qc8+ Ke7 30. Qc5+ Ke8 31. Qc6+ Ke7 32.
Kf2 Qd5 33. Qc7+ Ke8 34. Qc8+ Ke7 35. Qxa6 f6 36. Nc6+ Kf8 37. Nb4 Qc4 38.
Qa8+ Kf7 39. Qxa2 Qxa2+ 40. Nxa2 g5 41. Nc3 Ke6 42. fxg5 fxg5 43. g4 fxg4
44. hxg4 Kf6 45. Kf3 Kg6 46. e4 Kf6 47. e5+ Kg6 48. Ke4 h5 49. gxh5+ Kxh5
50. Kf5 g4 51. e6 g3 52. e7 g2 53. e8=Q+ Kh4 54. Qg8 Kh3 55. Qxg2+ Kxg2 56.
d5 Kf2 57. d6 Ke3 58. d7 Kd3 59. d8=Q+ Kxc3 60. Ke4 Kc4 61. Qd5+ Kb4 62. Qc6
{Black forfeits on time}
1-0

[Event "ICC Open 2015"]
[Site "Internet Chess Club"]
[Date "2015.05.29"]
[Round "4"]
[White "TanteDolli"]
[Black "jewels2"]
[Result "1-0"]
[ICCResult "Black forfeits on time"]
[WhiteElo "1746"]
[BlackElo "1252"]
[Opening "Inverted Hungarian"]
[ECO "C44"]
[NIC "KP.10"]
[Time "14:37:36"]
[TimeControl "180+0"]

1. e4 e5 2. Nf3 Nc6 3. Be2 Nf6 4. Nc3 Bb4 5. d3 d6 6. Bd2 h6 7. O-O Be6 8.
h3 Qe7 9. Kh2 g5 10. Ng1 Nd4 11. a3 Nxe2 12. Qxe2 Ba5 13. Nb5 Bxd2 14. Qxd2
Qd7 15. c4 g4 16. h4 Nh5 17. g3 a6 18. Nc3 f5 19. exf5 Bxf5 20. Ne4 O-O-O
21. b4 Rdf8 22. Ne2 d5 23. Nc5 Qc6 24. Nc3 d4 25. Nd5 Nf6 26. Ne7+ Kb8 27.
Nxc6+ bxc6 28. b5 cxb5 29. cxb5 axb5 30. Qa5 Nd5 31. Qxb5+ Kc8 32. Rfe1 Nc3
33. Qb7+ Kd8 34. Rxe5 Bc8 35. Qc6 {Black forfeits on time} 1-0

[Event "ICC Open 2015"]
[Site "Internet Chess Club"]
[Date "2015.05.29"]
[Round "4"]
[White "Gambit101"]
[Black "chessdjw"]
[Result "1-0"]
[ICCResult "Black forfeits on time"]
[WhiteElo "3170"]
[BlackElo "2298"]
[Opening "Ruy Lopez: open, Bernstein variation"]
[ECO "C80"]
[NIC "RL.27"]
[Time "14:36:09"]
[TimeControl "180+0"]

1. e4 e5 2. Nf3 Nc6 3. Bb5 a6 4. Ba4 Nf6 5. O-O Nxe4 6. d4 b5 7. Bb3 d5 8.
dxe5 Be6 9. Nbd2 Nc5 10. c3 Be7 11. Bc2 d4 12. Nb3 d3 13. Bb1 Nxb3 14. axb3
Bf5 15. Be3 O-O 16. b4 Qd5 17. Re1 a5 18. bxa5 Nxa5 19. Nd4 Bg6 20. Bxd3
Bxd3 21. Qxd3 c5 22. Qxb5 Rfb8 23. Nf5 Bf8 24. Qe2 Nc4 25. Rxa8 Rxa8 26. Bc1
Re8 27. f4 f6 28. Ne3 Nxe3 29. Qxe3 fxe5 30. fxe5 c4 31. Qe2 Bc5+ 32. Kh1
Qe6 33. h3 Rf8 34. Be3 Bxe3 35. Qxe3 Rf5 36. Qd4 h6 37. Kh2 Kh7 38. Re4 Rf1
39. Qxc4 Qg6 40. Qxf1 Qxe4 41. Qf2 Qxe5+ 42. Qg3 Qe4 43. b4 Qc2 44. Qe5 Qb1
45. b5 Kg8 46. c4 Qb3 47. Qc7 h5 48. b6 h4 49. b7 Kh7 50. b8=Q Kg6 51. Qxb3
Kh5 52. Qf3+ Kh6 53. Qcf4+ Kh7 54. Qxh4+ Kg8 55. Qd8+ {Black forfeits on
time} 1-0

[Event "ICC Open 2015"]
[Site "Internet Chess Club"]
[Date "2015.05.29"]
[Round "4"]
[White "Rembrand"]
[Black "Mardaker"]
[Result "0-1"]
[ICCResult "White checkmated"]
[WhiteElo "2111"]
[BlackElo "2743"]
[Opening "Sicilian: Canal-Sokolsky attack, 3...Bd7"]
[ECO "B52"]
[NIC "SI.01"]
[Time "14:36:47"]
[TimeControl "180+0"]

1. e4 c5 2. Nf3 d6 3. Bb5+ Bd7 4. Bxd7+ Qxd7 5. d4 cxd4 6. Nxd4 Nc6 7. O-O
g6 8. c3 Bg7 9. Be3 Nf6 10. f3 O-O 11. Nd2 Rfc8 12. Re1 Rab8 13. a4 Ne5 14.
Qe2 a6 15. a5 h5 16. h3 h4 17. f4 Nc6 18. Bf2 Nh5 19. Nxc6 bxc6 20. Nc4 Nxf4
21. Qf3 g5 22. Nb6 Rxb6 23. axb6 c5 24. Rxa6 Qb5 25. Rea1 Be5 26. Qg4 Ne6
27. Bxh4 Bf6 28. Bf2 Qxb2 29. Be3 Rb8 30. Ra8 Rxa8 31. Rxa8+ Kg7 32. Qh5 Nf8
33. Bxg5 Qb1+ 34. Kf2 Qc2+ 35. Kf3 Qxc3+ 36. Be3 Kg8 37. b7 Qc4 38. b8=Q
Qf1+ 39. Kg3 Be5+ 40. Kh4 Qe1+ 41. Kg4 Qe2+ 42. Kh4 Qe1+ 43. Kg4 Qg3+ 44.
Kf5 e6# {White checkmated} 0-1

[Event "ICC Open 2015"]
[Site "Internet Chess Club"]
[Date "2015.05.29"]
[Round "4"]
[White "ChessNakas"]
[Black "MWeston"]
[Result "0-1"]
[ICCResult "White forfeits on time"]
[WhiteElo "2166"]
[BlackElo "2741"]
[Opening "Giuoco Piano"]
[ECO "C50"]
[NIC "IG.02"]
[Time "14:36:53"]
[TimeControl "180+0"]

1. e4 e5 2. Nf3 Nc6 3. Bc4 Bc5 4. O-O d6 5. c3 Bb6 6. d4 Nf6 7. dxe5 Nxe5 8.
Nxe5 dxe5 9. Qf3 O-O 10. h3 h6 11. b4 a5 12. b5 Qe7 13. a4 Bc5 14. Nd2 Nh7
15. Nb3 Bd6 16. Qg3 Kh8 17. Kh1 f5 18. exf5 Bxf5 19. Be3 e4 20. Bf4 Bxf4 21.
Qxf4 Bxh3 22. Qe3 Ng5 23. Rae1 Bxg2+ 24. Kxg2 Rf3 25. Qc5 Qd7 26. Rh1 Qg4+
27. Kf1 Raf8 28. Be2 Rxf2+ 29. Qxf2 Rxf2+ 30. Kxf2 Qf4+ 31. Kg2 Nf3 32. Ref1
Qg4+ 33. Kf2 Qf5 34. Ke3 Kh7 35. Bxf3 exf3 36. Rxf3 Qe5+ 37. Kf2 Qd5 38. Nd4
Qa2+ 39. Kg3 Qxa4 40. Rh4 Qa1 41. Rhf4 Qg1+ 42. Kh3 Qh1+ 43. Kg3 a4 44. Nf5
a3 45. Nxg7 Qg1+ 46. Kh3 Qxg7 47. Rf7 a2 48. Rxg7+ Kxg7 49. Rf1 Kg6 50. Ra1
Kf5 51. Rxa2 Ke6 52. Ra7 Kd6 53. Rxb7 Kd7 54. b6 Kc6 55. Rxc7+ Kxb6
{White forfeits on time}
0-1

[Event "ICC Open 2015"]
[Site "Internet Chess Club"]
[Date "2015.05.29"]
[Round "4"]
[White "A4-H5"]
[Black "SvMihajlov"]
[Result "0-1"]
[ICCResult "White checkmated"]
[WhiteElo "1809"]
[BlackElo "2266"]
[Opening "Trompowsky attack (Ruth, Opocenský opening)"]
[ECO "A45"]
[NIC "QP.07"]
[Time "14:37:14"]
[TimeControl "180+0"]

1. d4 Nf6 2. Bg5 c5 3. d5 Qb6 4. Nc3 Qxb2 5. Bd2 Qb6 6. e4 d6 7. Bb5+ Bd7 8.
Rb1 Qc7 9. f4 a6 10. Bxd7+ Nbxd7 11. Nf3 h6 12. a4 e5 13. f5 g6 14. fxg6
fxg6 15. O-O Be7 16. Nh4 Nf8 17. Qf3 O-O-O 18. Qe2 Qd7 19. h3 Nh5 20. Qf3
Bxh4 21. Rb2 Bg5 22. Bxg5 hxg5 23. Rfb1 Rh7 24. Rxb7 Qxb7 25. Rxb7 Rxb7 26.
a5 Nf4 27. Na4 Nd7 28. Qg4 Rb1+ 29. Kf2 Kc7 30. Qxg5 Rf8 31. Ke3 Re1+ 32.
Kd2 Re2+ 33. Kc3 Rxe4 34. Qe7 Nxd5+ 35. Kd3 Nxe7 36. Kxe4 Rf4+ 37. Ke3 Rxa4
38. g4 Rxa5 39. Kd3 Ra4 40. c3 d5 41. c4 Rxc4 42. Kd2 a5 43. h4 Rxg4 44. h5
gxh5 45. Ke3 a4 46. Kf3 a3 47. Ke2 a2 48. Kd3 a1=Q 49. Kc2 Qa2+ 50. Kd3 Rg3#
{White checkmated}
0-1

[Event "ICC Open 2015"]
[Site "Internet Chess Club"]
[Date "2015.05.29"]
[Round "4"]
[White "Galaad"]
[Black "EirikG"]
[Result "0-1"]
[ICCResult "White resigns"]
[WhiteElo "2047"]
[BlackElo "2548"]
[Opening "Kevitz-Trajkovich defense"]
[ECO "A50"]
[NIC "QP.07"]
[Time "14:37:29"]
[TimeControl "180+0"]

1. d4 Nf6 2. c4 Nc6 3. d5 Ne5 4. f4 Ng6 5. Nc3 e5 6. f5 Ne7 7. e4 Neg8 8.
Nf3 Bb4 9. Bd3 d6 10. Bd2 c5 11. Ne2 Bxd2+ 12. Qxd2 a6 13. a4 b6 14. O-O Bd7
15. Nc3 Rb8 16. b3 Nh6 17. h3 Nh5 18. Kh2 O-O 19. Ne2 b5 20. g4 Nf4 21. Nxf4
exf4 22. Qxf4 bxa4 23. bxa4 Rb3 24. Rfd1 f6 25. g5 Nf7 26. g6 Ne5 27. Nxe5
fxe5 28. Qg4 hxg6 29. Qxg6 Qh4 30. Rg1 Rf7 31. Rad1 a5 32. Qxd6 Qf4+ 33. Rg3
Rb2+ 34. Kh1 Qxg3 {White resigns} 0-1

[Event "ICC Open 2015"]
[Site "Internet Chess Club"]
[Date "2015.05.29"]
[Round "4"]
[White "jensak"]
[Black "talaatabdin"]
[Result "0-1"]
[ICCResult "White resigns"]
[WhiteElo "1616"]
[BlackElo "1365"]
[Opening "Petrov's defense"]
[ECO "C42"]
[NIC "RG.01"]
[Time "14:37:14"]
[TimeControl "180+0"]

1. e4 e5 2. Nf3 Nf6 3. d3 Nc6 4. h3 Bc5 5. Be3 Bb6 6. c3 O-O 7. Nbd2 d5 8.
exd5 Nxd5 9. Bxb6 Nxb6 10. Be2 Bf5 11. Ne4 Nd5 12. O-O Nf4 13. Re1 Nxe2+ 14.
Qxe2 Re8 15. Rad1 b6 16. Qe3 Qd7 17. Ng3 Bg6 18. Nh4 Rad8 19. Nxg6 hxg6 20.
Qg5 Qd5 21. Ne4 Qxa2 22. Rd2 Qd5 23. Re3 Na5 24. d4 Nc4 25. dxe5 Nxd2 26. e6
Nxe4 27. exf7+ Qxf7 28. Rxe4 Rd1+ 29. Kh2 Rxe4 {White resigns} 0-1

[Event "ICC Open 2015"]
[Site "Internet Chess Club"]
[Date "2015.05.29"]
[Round "4"]
[White "JCarllsen"]
[Black "jmichaels"]
[Result "1-0"]
[ICCResult "Black forfeits on time"]
[WhiteElo "1806"]
[BlackElo "981"]
[Opening "Sicilian: Nimzovich-Rossolimo attack (with ...g6, without ...d6)"]
[ECO "B31"]
[NIC "SI.31"]
[Time "14:37:51"]
[TimeControl "180+0"]

1. e4 c5 2. Nf3 Nc6 3. Bb5 g6 4. Bxc6 bxc6 5. O-O d6 6. Re1 Bg4 7. h3 Bxf3
8. Qxf3 Bg7 9. c3 Nf6 10. d3 O-O 11. Bg5 Rb8 12. Re2 h6 13. Bf4 e5 14. Bc1
Qc7 15. Nd2 a5 16. Nf1 Nd7 17. Qg3 f5 18. Qxg6 fxe4 19. Bxh6 Rf7 20. Rxe4
Rbf8 21. Rg4 Nf6 22. Rg3 d5 23. Re1 e4 24. Nh2 Nh7 25. dxe4 Rxf2 26. Qxg7+
Qxg7 27. Rxg7+ Kh8 28. Rxh7+ Kxh7 29. Bxf8 Rxf8 30. Ng4 d4 31. Rd1
{Black forfeits on time}
1-0

[Event "ICC Open 2015"]
[Site "Internet Chess Club"]
[Date "2015.05.29"]
[Round "4"]
[White "Mercury"]
[Black "dietcoke"]
[Result "1/2-1/2"]
[ICCResult "White ran out of time and Black has no material to mate"]
[WhiteElo "2456"]
[BlackElo "2081"]
[Opening "Scotch gambit: Dubois-Réti defense"]
[ECO "C55"]
[NIC "KP.02"]
[Time "14:36:20"]
[TimeControl "180+0"]

1. e4 e5 2. Nf3 Nc6 3. Bc4 Nf6 4. d4 exd4 5. e5 Ng4 6. O-O d6 7. exd6 Qxd6
8. Re1+ Be7 9. b3 O-O 10. Ba3 Qd8 11. Bxe7 Nxe7 12. Qxd4 Qxd4 13. Nxd4 Nf5
14. Nxf5 Bxf5 15. Re7 Rac8 16. Nc3 Bxc2 17. Rae1 Nf6 18. Nb5 Rce8 19. Nxc7
Rxe7 20. Rxe7 Bg6 21. f3 Rd8 22. Nb5 a6 23. Nc3 Rd7 24. Nd5 Rxe7 25. Nxe7+
Kf8 26. Nxg6+ hxg6 27. Kf2 Ke7 28. Ke2 Nd7 29. Ke3 f6 30. h4 Ne5 31. Bd5 b6
32. Kd4 Kd6 33. Be4 Nc6+ 34. Ke3 Ne7 35. Kd4 Nc6+ 36. Kc4 Ne7 37. a4 Nf5 38.
h5 Ne3+ 39. Kd4 Nxg2 40. hxg6 Nf4 41. Kc4 Ne6 42. b4 Nc7 43. a5 b5+ 44. Kd4
Ke6 45. f4 f5 46. Bb7 Kd6 47. Bc8 Ke7 48. Kc5 Kf6 49. Kb6 Ne8 50. Bxa6 Nd6
51. Bxb5 Kxg6 52. a6 Kf6 53. a7 Nc8+ 54. Kb7 Nxa7 55. Kxa7 g5 56. fxg5+ Kxg5
57. Bf1 Kf6 58. b5 Ke7 59. b6 f4 60. b7 f3 61. b8=Q Ke6 62. Qb4 Kf5 63. Qd4
Kg5 64. Qe3+ Kf5 65. Qf2 Kg4 66. Bg2 Kf4 67. Qxf3+ Ke5 68. Qe4+ Kd6 69. Qd5+
Ke7 70. Qc6 Kf7 71. Kb7 Kg7
{White ran out of time and Black has no material to mate}
1/2-1/2

[Event "ICC Open 2015"]
[Site "Internet Chess Club"]
[Date "2015.05.29"]
[Round "4"]
[White "olimpus"]
[Black "Danya"]
[Result "1-0"]
[ICCResult "Black resigns"]
[WhiteElo "2778"]
[BlackElo "3047"]
[Opening "Benko's opening"]
[ECO "A00"]
[NIC "RE.05"]
[Time "14:37:54"]
[TimeControl "180+0"]

1. g3 d5 2. Bg2 c6 3. Nf3 Bg4 4. c4 Nf6 5. O-O e6 6. d3 Nbd7 7. cxd5 exd5 8.
Qb3 Qb6 9. Qc2 Bd6 10. Nc3 O-O 11. e4 dxe4 12. dxe4 Bxf3 13. Bxf3 Rfe8 14.
Bg2 Ne5 15. Be3 Qc7 16. Rad1 Nc4 17. Bc1 Rad8 18. b3 Ne5 19. f4 Bc5+ 20. Kh1
Neg4 21. Rxd8 Rxd8 22. e5 Ne8 23. Ne4 Bb6 24. Qe2 f5 25. Ng5 Kh8 26. Ne6 Qd7
27. Nxd8 Qxd8 28. h3 Nh6 29. Rd1 Qe7 30. Qd3 Kg8 31. Qd7 Kf8 32. Qxe7+ Kxe7
33. Ba3+ Ke6 34. Bf1 Nc7 35. Rd6+ Kf7 36. Bc4+ Ke8 37. e6 Ng8 38. Rd7 Nf6
39. Rxg7 Ncd5 40. Rxb7 Ne4 41. Bxd5 {Black resigns} 1-0

[Event "ICC Open 2015"]
[Site "Internet Chess Club"]
[Date "2015.05.29"]
[Round "4"]
[White "QuintilianoR"]
[Black "bythebook"]
[Result "1-0"]
[ICCResult "Black forfeits on time"]
[WhiteElo "2332"]
[BlackElo "1730"]
[Opening "King's Indian, 3.Nf3"]
[ECO "E61"]
[NIC "KI.80"]
[Time "14:37:48"]
[TimeControl "180+0"]

1. d4 Nf6 2. c4 g6 3. Nf3 Bg7 4. Nc3 O-O 5. Bg5 d6 6. e3 Bf5 7. Qb3 Qc8 8.
h3 h6 9. Bf4 a6 10. Be2 g5 11. Bh2 Nc6 12. d5 Na5 13. Qa3 b6 14. Nd4 Bg6 15.
O-O Re8 16. Rac1 Nb7 17. Nc6 Nc5 18. Rfd1 Nfe4 19. Nxe4 Nxe4 20. Nd4 Qd7 21.
Bg4 f5 22. Be2 {Black forfeits on time} 1-0